 Dungeon Crawl Stone Soup version 0.20-a0-947-g2784f4f (webtiles) character file.

72 Koga the Skirmisher (level 3, -2/31 HPs)
             Began as a Demigod Fighter on Apr 2, 2017.
             Slain by a quokka (4 damage)
             ... on level 2 of the Dungeon.
             The game lasted 00:09:23 (1358 turns).

Koga the Skirmisher (Demigod Fighter)               Turns: 1358, Time: 00:09:24

Health: -2/31      AC:  6    Str: 21    XL:     3   Next: 80%
Magic:  5/5        EV:  7    Int: 12    God:
Gold:   164        SH:  9    Dex: 15    Spells: 2/2 levels left

rFire    . . .     SeeInvis .   a - +0 long sword
rCold    . . .     Gourm    .   c - +0 shield
rNeg     . . .     Faith    .   b - +0 scale mail
rPois    .         Spirit   .   (no helmet)
rElec    .         Reflect  .   (no cloak)
rCorr    .         Harm     .   (no gloves)
MR       .....                  (no boots)
Stlth    ..........             (no amulet)
Regen    0.1/turn               (no ring)
MPRegen  0.1/turn               (no ring)

@: no status effects
A: high mp 1
a: no special abilities


You were on level 2 of the Dungeon.
You were not hungry.

You visited 1 branch of the dungeon, and saw 2 of its levels.

You collected 164 gold pieces.

Inventory:

Hand Weapons
 a - a +0 long sword (weapon)
Armour
 b - a +0 scale mail (worn)
 c - a +0 shield (worn)
Scrolls
 e - a scroll of blinking {unknown}
 h - 2 scrolls of teleportation {unknown}
 i - 3 scrolls of identify {unknown}
 n - a scroll of enchant weapon {unknown}
Potions
 d - a potion of might
 l - 4 potions of lignification {unknown}
 m - a potion of brilliance {unknown}
 o - a potion of ambrosia {unknown}
 q - 2 potions of degeneration {unknown}
Comestibles
 f - 2 bread rations
 g - a chunk of flesh
 k - 4 fruits
 p - 2 meat rations


   Skills:
 * Level 3.3 Fighting
 + Level 2.2 Long Blades
 + Level 3.1 Armour
 * Level 0.8 Dodging
 + Level 3.1 Shields


You had 2 spell levels left.
You didn't know any spells.

Dungeon Overview and Level Annotations

Branches:
Dungeon (2/15)


Innate Abilities, Weirdness & Mutations

You have an increased reservoir of magic. (+10% MP)


Message History

You slash the quokka!
You kill the quokka!
The goblin hits you but does no damage. You block the goblin's attack.
You see here a quokka corpse.
The goblin barely misses you.
You riposte.
You barely miss the goblin. You miss the quokka.
The goblin hits you with a club.
* * * LOW HITPOINT WARNING * * *
The quokka bites you but does no damage.
The goblin closely misses you.
You riposte.
You barely miss the goblin. You block the quokka's attack.
You closely miss the quokka. You block the quokka's attack.
The goblin hits you but does no damage. The goblin hits you but does no damage.
The quokka bites you but does no damage.
The goblin barely misses you.
You riposte.
You hit the goblin.
You kill the goblin!
You hit the quokka.
The quokka is heavily wounded.
The quokka bites you.
You die...

#### ....# .#.##.#
..#######.#.##.#.##.# ##
...............##.# #.
#..........#.#..# #.
#..@.......#.#..# #.
..#.#..r.......#.#..# #.
........).#.##.#.#..###.
#.#.###.†........#......
.#.###.#.#.###.........
................._......
###.......#.#.#.......#.
. #.###.....#.##.#..###.
..###.#.....#.#.##.#..#
#.


You could see a quokka.

Vanquished Creatures
  2 gnolls (D:2)
  An adder (D:2)
  A worm (D:2)
  A dart slug (D:1)
  3 bats (D:2)
  3 giant cockroaches
  3 goblins
  4 hobgoblins
  3 jackals (D:1)
  3 kobolds
  4 quokkas (D:2)
  A frilled lizard (D:2)
  7 rats
  3 fungi (D:2)
39 creatures vanquished.

Notes
Turn   | Place    | Note
-------+----------+-------------------------------------------
     0 | D:1      | Koga the Demigod Fighter began the quest for the Orb.
     0 | D:1      | Reached XP level 1. HP: 18/18 MP: 3/3
   232 | D:1      | Reached XP level 2. HP: 17/25 MP: 4/4
   685 | D:2      | Found a sparkling altar of Nemelex Xobeh.
   943 | D:2      | Reached XP level 3. HP: 23/31 MP: 5/5
  1192 | D:2      | Found an ornate altar of the Wu Jian Council.
  1358 | D:2      | Slain by a quokka

Vault maps used:
D:1:      eino_arrival_tree_alley
D:2:      wad_woods_tower, marbit_many_paths, lemuel_round_altar,
          overflow_temple_1_default, minmay_gold_behind_fungi

Skill      XL: |  1  2  3 |
---------------+----------+-----
Armour         | 3 |  3.1
Fighting       | 3 |  3.3
Long Blades    | 2 |  2.2
Shields        | 3 |  3.1
Dodging        | |  0.8

Action                   || total
-------------------------++-------
Melee: Long sword        ||   151
  Use: Potion            ||     1
  Eat: Chunk             ||     2
Armor: Scale mail        ||    71
Dodge: Dodged            ||    47
Block: Shield            ||    77
       Rpst.: Long sword ||    16
